 Dungeon Crawl Stone Soup version 0.28-a0-1033-g1a2f33fa85 (webtiles) character file.

Game seed: 12263160418752846234

130 horus123 the Shield-Bearer (level 4, -1/33 HPs)
             Began as a Demonspawn Gladiator on Dec 8, 2021.
             Killed by divine providence
             ... invoked by an orc priest
              (14 damage)
             ... on level 3 of the Dungeon.
             The game lasted 00:03:20 (1890 turns).

horus123 the Shield-Bearer (Demonspawn Gladiator)   Turns: 1890, Time: 00:03:21

Health: -1/33      AC:  9    Str: 14    XL:     4   Next: 89%
Magic:  4/4        EV: 12    Int:  9    God:
Gold:   39         SH: 14    Dex: 17    Spells: 3/3 levels left

rFire   . . .      SeeInvis .   a - +0 long sword
rCold   . . .      Faith    .   f - +0 buckler {AC+3}
rNeg    . . .      Spirit   .   b - +0 leather armour
rPois   .          Reflect  +   c - +0 helmet
rElec   .          Harm     .   (no cloak)
rCorr   .          Rampage  .   (no gloves)
Will    .....                   (no boots)
Stlth   +.........              e - amulet of reflection
HPRegen 0.11/turn               (no ring)
MPRegen 0.09/turn               (no ring)

@: no status effects
A: hooves 1, molten scales 1, condensation shield
a: no special abilities


You were on level 3 of the Dungeon.
You visited 1 branch of the dungeon, and saw 3 of its levels.

You collected 39 gold pieces.

Inventory:

Hand Weapons
 a - a +0 long sword (weapon)
Missiles
 d - 3 throwing nets (quivered)
Armour
 b - a +0 leather armour (worn)
 c - a +0 helmet (worn)
 f - a +0 buckler of protection (worn)
Jewellery
 e - an amulet of reflection (around neck)
Scrolls
 g - 3 scrolls of teleportation
 h - a scroll of identify


   Skills:
 - Level 2.0 Fighting
 - Level 3.3 Long Blades
 - Level 1.7 Throwing
 - Level 2.7 Dodging
 + Level 3.6 Shields


You had 3 spell levels left.
You didn't know any spells.
Your spell library was empty.

Dungeon Overview and Level Annotations

Branches:
Dungeon (3/15)

Altars:


Innate Abilities, Weirdness & Mutations

You have large cloven feet.
You are partially covered in molten scales. (AC +2)
A meltable shield of frost defends you. (SH +4)


Message History

You block the iguana's attack.
An orc comes into view. It is wielding a +0 short sword.
The iguana closely misses you.
The orc shouts!
You hit the iguana. You kick the iguana.
You kill the iguana!
You hear a shout!
The orc closely misses you.
You slash the orc!
You kill the orc!
An orc priest comes into view. It is wielding a +0 trident.
The orc priest mumbles some strange prayers to Beogh against you.
Beogh smites you!
You see here a +0 dagger.
You barely miss the orc. You block the orc's attack. x2
The orc priest hits you from afar with a +0 trident!
You are too injured to fight recklessly!
You are too injured to fight recklessly!
You slash the orc!
You kill the orc!
An orc comes into view. It is wielding a +0 war axe.
The orc priest barely misses you.
The orc priest hits you but does no damage.
You see here a +0 short sword.
You barely miss the orc priest.
You kick the orc priest, but do no damage.
You block the orc priest's attack.
You closely miss the orc priest.
You kick the orc priest, but do no damage.
You block the orc priest's attack.
You closely miss the orc priest. You kick the orc priest.
The orc priest is moderately wounded.
The orc priest looks satisfied for a moment.
You hit the orc priest.
You kick the orc priest, but do no damage.
The orc priest is severely wounded.
You block the orc priest's attack.
The orc priest mumbles some strange prayers to Beogh against you.
Beogh smites you!
You die...

,**,,* *,* *,,***** #.#
# ,**,,* *,**#...,,,*
#.###### ,***,*
*,,,...#**,* #......#
,***,*******,**#..# *,*
######.#
,,,,,,,,,,,,,###..# *,*
#.#
****,***,,,,,,....#**,*
#.# *,*
**,,,,,,.o.,,,,* #.#
**,* *****,*#o#*****
#.# *,,* *,*#@# #.#
*,** *,*#)# #.# *,*
*,*#.# #.# *,*
*,*#.########## #.# *,*
*,*#..........# #.# *,*
**,*##########.# #.#
*,* **,,,******
#.#####.# *,*
*,,,,,,,,,** #.......#
*,* **,,,,***,,,**
#########


You could see an orc priest and an orc.

Vanquished Creatures
  2 iguanas
  2 adders (D:2)
  2 dart slugs (D:2)
  2 orcs (D:3)
  7 ball pythons
  5 endoplasms
  3 giant cockroaches
  4 goblins (D:2)
  3 hobgoblins
  6 jackals
  2 quokkas (D:2)
  4 bats
  2 frilled lizards (D:2)
  4 kobolds
  5 rats
53 creatures vanquished.

Notes
Turn   | Place    | Note
-------+----------+-------------------------------------------
     0 | D:1      | horus123 the Demonspawn Gladiator began the quest for the
                  | Orb.
     0 | D:1      | Reached XP level 1. HP: 16/16 MP: 1/1
   202 | D:1      | Gained mutation: A meltable shield of frost defends you.
                  | (SH +4) [demonic ancestry]
   202 | D:1      | Reached XP level 2. HP: 21/22 MP: 2/2
   629 | D:1      | Found a faded altar of an unknown god.
   890 | D:2      | Reached skill level 1 in Shields
   998 | D:2      | Gained mutation: You are partially covered in molten
                  | scales. (AC +2) [demonic ancestry]
   998 | D:2      | Reached XP level 3. HP: 27/27 MP: 3/3
  1135 | D:2      | Gained mutation: You have large cloven feet. [demonic
                  | ancestry]
  1135 | D:2      | Reached XP level 4. HP: 17/33 MP: 4/4
  1890 | D:3      | Killed from afar by an orc priest

Illustrated notes

Levels and vault maps discovered:
D:1:      dpeg_arrival_rhombi, layout_rooms, ebering_ecumenical_altar_hall,
          chequers_garden
D:2:      layout_basic, minmay_tromino_v7
D:3:      layout_loops_ring

Skill      XL: |  1  2  3  4 |
---------------+-------------+-----
Long Blades    | 3 |  3.3
Shields        | 1 2 3 |  3.6
Fighting       | |  2.0
Throwing       | |  1.7
Dodging        | |  2.7

Action                   |  1- 3 |  4- 6 || total
-------------------------+-------+-------++-------
Melee: Long sword        |   107 |    49 ||   156
       Kick              |       |    15 ||    15
  Use: Scroll            |     4 |     2 ||     6
       Potion            |     1 |       ||     1
 Stab: Sleeping          |       |     1 ||     1
Armor: Leather armour    |    42 |     4 ||    46
Dodge: Dodged            |    83 |    21 ||   104
Block: Buckler           |    49 |    36 ||    85
       Reflection        |       |     1 ||     1

Table legend: (Time is in decaauts)
 A = Elapsed time spent in this place.
 B = Non-inter-level travel time spent in this place.
 C = Inter-level travel time spent in this place.
 D = Time resting spent in this place.
 E = Time spent auto-exploring this place.
 F = Levels seen in this place.
 G = Mean time per level.
                   A        B        C        D        E       F      G
               +--------+--------+--------+--------+--------+-----+--------+
         Total |   1935 |   1883 |     52 |      0 |   1484 |   3 |  645.0 |
       Dungeon |   1935 |   1883 |     52 |      0 |   1484 |   3 |  645.0 |
               +--------+--------+--------+--------+--------+-----+--------+

Top non-repeatable levels by time:
     D:2: 933 daAuts
     D:1: 889 daAuts
     D:3: 112 daAuts
